 Dungeon Crawl Stone Soup version 0.25-a0-353-ged6d54792d (webtiles) character file.

Game seed: 15915740306859321397, levelgen mode: classic

58436 Borgoz the Severer (level 14, -4/132 HPs)
             Began as a Minotaur Fighter on Jan 2, 2020.
             Was the Champion of Makhleb.
             Slain by a tengu reaver
             ... wielding a +3 battleaxe of venom
              (18 damage)
             ... on level 13 of the Dungeon.
             The game lasted 00:41:01 (17610 turns).

Borgoz the Severer (Minotaur Fighter)              Turns: 17610, Time: 00:41:01

Health: -4/132     AC: 22    Str: 22    XL:     14   Next: 49%
Magic:  24/24      EV: 21    Int:  5    God:    Makhleb [******]
Gold:   303        SH:  0    Dex: 14    Spells: 13/13 levels left

rFire    + . .     SeeInvis .   a - +5 battleaxe of Harmony {elec, Stlth+}
rCold    + . .     Gourm    .   (shield currently unavailable)
rNeg     . . .     Faith    .   g - +3 chain mail {rPois}
rPois    +         Spirit   .   F - +1 hat
rElec    .         Reflect  .   H - scarf {rC+ rF+}
rCorr    +         Harm     .   l - +1 pair of gloves "Tucyipu" {MP+9}
MR       +....                  n - +1 pair of boots
Stlth    ..........             j - amulet of rage
HPRegen  0.32/turn              B - ring of resist corrosion
MPRegen  0.19/turn              t - +6 ring of evasion

@: confused, lethally poisoned (-4 -> -5), berserk cooldown, starving, slowed,
very slow
A: retaliatory headbutt, horns 2
a: Minor Destruction, Lesser Servant of Makhleb, Major Destruction, Greater
Servant of Makhleb, Renounce Religion, Evoke Berserk Rage


You were on level 13 of the Dungeon.
You worshipped Makhleb.
Makhleb was exalted by your worship.
You were starving.

You visited 3 branches of the dungeon, and saw 18 of its levels.

You collected 1701 gold pieces.
You spent 1398 gold pieces at shops.

Inventory:

Hand Weapons
 a - the +5 battleaxe of Harmony (weapon) {elec, Stlth+}
   (You acquired it on level 11 of the Dungeon)

   Occasionally, upon striking a foe, it will discharge some electrical energy
   and cause terrible harm.
   It makes you more stealthy.
 b - a +1 eveningstar
 d - a +0 broad axe
Armour
 g - a +3 chain mail of poison resistance (worn)
 l - the +1 pair of gloves "Tucyipu" (worn) {MP+9}
   (You acquired it on level 11 of the Dungeon)

   It affects your magic capacity (+9).
 n - a +1 pair of boots (worn)
 F - a +1 hat (worn)
 H - a scarf of resistance (worn)
 M - a +1 chain mail of cold resistance
Jewellery
 j - an amulet of rage (around neck)
 k - an uncursed ring of ice
 t - a +6 ring of evasion (right hand)
 v - an uncursed amulet of the gourmand
 B - a ring of resist corrosion (left hand)
 K - an uncursed ring of flight
Wands
 i - a wand of polymorph (6)
 x - a wand of random effects (23)
 D - a wand of paralysis (2)
Scrolls
 c - 3 scrolls of teleportation
 e - a scroll of torment {unknown}
 h - 8 scrolls of remove curse
 m - a scroll of fear {unknown}
 p - a scroll of noise {unknown}
 q - 3 scrolls of blinking
 s - 2 scrolls of amnesia {unknown}
 y - a scroll of magic mapping {unknown}
 E - a scroll of silence
 G - 2 scrolls of holy word {unknown}
 J - 2 scrolls of enchant armour {unknown}
 L - a scroll of enchant weapon {unknown}
Potions
 o - a potion of magic
 r - 2 potions of lignification
 u - a potion of invisibility
 w - 3 potions of mutation
 z - 8 potions of curing
 A - a potion of resistance
 C - 2 potions of agility
 I - a potion of flight
 N - a potion of degeneration {unknown}
 O - 2 potions of might
 P - a potion of ambrosia
Comestibles
 f - 22 rations


   Skills:
 * Level 14.0 Fighting
 * Level 17.7 Axes
 * Level 13.9 Armour
 * Level 12.5 Dodging
   Level 3.6 Shields
 - Level 1.3 Invocations
 + Level 3.0 Evocations


You had 13 spell levels left.
You didn't know any spells.
Your spell library contained the following spells:

 Spells                   Type           Power        Failure   Level  Hunger
 Magic Dart               Conj           #...         95%         1    ##.....
 Blink                    Tloc           N/A          99%         2    ###....
 Call Imp                 Summ           #.......     99%         2    ###....
 Slow                     Hex            #.......     99%         2    ###....
 Conjure Flame            Conj/Fire      #.......     100%        3    ####...
 Mephitic Cloud           Conj/Pois/Air  #.......     100%        3    ####...
 Static Discharge         Conj/Air       #.......     100%        3    ####...
 Lightning Bolt           Conj/Air       #.........   100%        5    ######.
 Ignition                 Fire           #.........   100%        8    #######
 Shatter                  Erth           #.........   100%        9    #######
 Tornado                  Air            #.........   100%        9    #######


Dungeon Overview and Level Annotations

Branches:
Dungeon (15/15)            Temple (1/1) D:5            Lair (0/6) D:11
    Orc (2/2) D:11            Elf (0/3) Orc:2
 Vaults: D:13-14     Depths: D:15

Altars:
Ashenzari
Cheibriados
Dithmenos
Elyvilon
Fedhas
Gozag
Hepliaklqana
Kikubaaqudgha
Makhleb
Nemelex Xobeh
Okawaru
Qazlal
Ru
Sif Muna
Trog
Uskayaw
Vehumet
Wu Jian
Xom
Yredelemnul
Zin
The Shining One
Beogh

Shops:
D:5 !   D:7 *   D:8 }   D:10 (?(}=   D:11 ?   D:13 }   Orc:1 =   Orc:2 [}??

Annotations:
D:4 1 runed translucent door, LostGamesStreakFreak's ghost, amateur GrMo


Innate Abilities, Weirdness & Mutations

You reflexively headbutt those who attack you in melee.
You have a pair of horns on your head.


Message History

The tengu reaver claws you.
You slice the tengu reaver!!
The tengu reaver is almost dead.
You are starving!
You feel sick.
The tengu reaver hits you with a +3 battleaxe of venom!!
* * * LOW HITPOINT WARNING * * *
The tengu reaver pecks you but does no damage.
The tengu reaver claws you but does no damage.
You miss the tengu reaver.
The tengu reaver is almost dead.
The tengu reaver gestures at you while chanting.
The bolt of magma hits you! You partially resist.
* * * LOW HITPOINT WARNING * * *
The battlesphere fires!
The barrage of energy hits you!!
* * * LOW HITPOINT WARNING * * *
You are confused.
You feel invigorated.
You feel sick.
The tengu reaver hits you with a +3 battleaxe of venom!!
You die...

..............(#######
########.....).......#
#.............#
#.#####.......# #.#
#.......# #.#
#...§§..# #.#
####§§..# #.# §§#§§..#
#.# §Q@§*..# ###
§§#§#### #####


You could see a tengu reaver and a battlesphere.

Vanquished Creatures
  Saint Roka (Orc:1)
  The ghost of Yxuheg the Grappler, a journeyman TrMo of Elyvilon (D:13)
  Josephine (Orc:1)
  Erolcha (Orc:2)
  A hydra (D:13)
  A catoblepas (D:12)
  2 ogre magi (Orc:2)
  4 centaur warriors
  13 two-headed ogres
  Urug (D:12)
  Nergalle (D:12)
  2 deep trolls (Orc:1)
  3 unseen horrors
  3 orc knights (Orc:1)
  7 ugly things
  9 deep elf magi
  8 cyclopes
  2 manticores
  A gargoyle (D:14)
  16 trolls
  3 slime creatures (D:13)
  5 hippogriffs
  A redback (shapeshifter) (D:9)
  5 wraiths
  A vampire (D:15)
  17 yaks
  A wyvern (D:15)
  A basilisk (D:10)
  3 hungry ghosts
  A steam dragon (D:12)
  13 vampire mosquitoes
  A warg (Orc:1)
  3 soldier ants
  An acid dragon (D:13)
  Duvessa (D:4)
  21 orc warriors
  2 ice beasts
  4 sky beasts
  3 black bears
  An eye of draining (D:12)
  3 necrophages
  5 phantoms
  25 ogres
  5 centaurs
  3 crocodiles
  5 big kobolds
  9 bullfrogs
  Dowan (D:4)
  6 scorpions
  A water moccasin skeleton (D:4)
  9 killer bees
  2 electric eels (D:11)
  5 howler monkeys
  8 crimson imps
  A quasit (D:7)
  10 hounds
  8 jellies
  3 centaur zombies
  15 orc priests
  6 bullfrog skeletons
  18 orc wizards
  3 centaur skeletons
  8 iguanas
  10 worker ants
  A hound skeleton (D:10)
  A worker ant zombie (D:9)
  9 gnolls
  A howler monkey skeleton (D:7)
  15 adders
  2 shadow imps
  6 oozes
  2 adder zombies
  2 adder skeletons
  4 worms
  4 dart slugs
  8 leopard geckos
  88 orcs
  2 ball pythons (D:3)
  6 giant cockroaches
  9 goblins
  9 hobgoblins
  12 jackals
  8 quokkas
  7 bats
  5 frilled lizards
  30 kobolds
  A leopard gecko skeleton (D:9)
  A leopard gecko zombie (D:5)
  A quokka skeleton (D:9)
  6 rats
575 creatures vanquished.

Notes
Turn   | Place    | Note
-------+----------+-------------------------------------------
     0 | D:1      | Borgoz the Minotaur Fighter began the quest for the Orb.
     0 | D:1      | Reached XP level 1. HP: 19/19 MP: 0/0
   343 | D:1      | Reached XP level 2. HP: 25/27 MP: 1/1
   424 | D:1      | Reached skill level 3 in Axes
   740 | D:1      | Reached skill level 1 in Dodging
   826 | D:1      | Reached XP level 3. HP: 33/33 MP: 2/2
  1242 | D:2      | Reached XP level 4. HP: 29/40 MP: 3/3
  1827 | D:2      | Reached skill level 4 in Axes
  2524 | D:3      | Reached XP level 5. HP: 47/47 MP: 4/4
  2882 | D:4      | Found a runed translucent door.
  2888 | D:4      | Noticed LostGamesStreakFreak's ghost (amateur GrMo)
  2999 | D:4      | Noticed Duvessa
  2999 | D:4      | Noticed Dowan
  3012 | D:4      | Killed Duvessa
  3012 | D:4      | Reached skill level 5 in Axes
  3012 | D:4      | Reached XP level 6. HP: 34/55 MP: 5/5
  3023 | D:4      | Killed Dowan
  3023 | D:4      | Reached skill level 5 in Fighting
  3023 | D:4      | Reached skill level 5 in Armour
  3547 | D:4      | Reached skill level 6 in Axes
  3578 | D:4      | Reached XP level 7. HP: 60/61 MP: 6/6
  3954 | D:5      | Entered Level 5 of the Dungeon
  3996 | D:5      | Reached skill level 7 in Axes
  4142 | D:5      | Reached XP level 8. HP: 56/70 MP: 7/7
  4266 | D:5      | Found a staircase to the Ecumenical Temple.
  4281 | Temple   | Entered the Ecumenical Temple
  4754 | D:5      | Found Rauky's Distillery.
  4759 | D:5      | Bought a potion of heal wounds for 55 gold pieces
  4759 | D:5      | Bought a potion of curing for 33 gold pieces
  5033 | D:5      | Reached skill level 8 in Axes
  5264 | D:6      | Reached skill level 5 in Dodging
  5598 | D:6      | Reached skill level 9 in Axes
  5775 | D:6      | Reached XP level 9. HP: 50/79 MP: 8/8
  6183 | D:7      | Found a burning altar of Makhleb.
  6199 | D:7      | Became a worshipper of Makhleb the Destroyer
  6372 | D:7      | Found Resicout's Retail Resort.
  6661 | D:8      | Reached skill level 10 in Axes
  6825 | D:8      | Noticed a two-headed ogre
  6836 | D:8      | Killed a two-headed ogre
  6864 | D:8      | Found Kanup's Gadget Boutique.
  6992 | D:8      | Reached * piety under Makhleb
  7191 | D:8      | Reached skill level 11 in Axes
  7198 | D:8      | Reached XP level 10. HP: 80/90 MP: 9/9
  8115 | D:9      | Noticed a two-headed ogre
  8119 | D:9      | Reached ** piety under Makhleb
  8139 | D:9      | Killed a two-headed ogre
  8367 | D:9      | Noticed a lindwurm
  8367 | D:9      | Noticed a centaur warrior
  8367 | D:9      | Noticed a manticore
  8396 | D:9      | Killed a centaur warrior
  8396 | D:9      | Reached skill level 12 in Axes
  8400 | D:9      | a lindwurm changed into a dream sheep
  8589 | D:9      | Killed a manticore
  8718 | D:9      | Noticed a two-headed ogre
  8727 | D:9      | Killed a two-headed ogre
  8727 | D:9      | Reached XP level 11. HP: 74/99 MP: 10/10
  8776 | D:9      | Reached skill level 10 in Fighting
  9193 | D:9      | Reached skill level 10 in Armour
  9477 | D:10     | Entered Level 10 of the Dungeon
  9477 | D:10     | Found Paymine's Gadget Shop.
  9506 | D:10     | Found Sunexzif's Magic Scroll Shop.
  9515 | D:10     | Reached skill level 13 in Axes
  9563 | D:10     | Noticed a two-headed ogre
  9572 | D:10     | Killed a two-headed ogre
  9603 | D:10     | Found Erobodwi's Antique Weapon Shoppe.
  9645 | D:10     | Found Gyeseph's Antique Weapon Shoppe.
  9738 | D:10     | Reached *** piety under Makhleb
 10132 | D:10     | Found Pal Tab's Jewellery Boutique.
 10252 | D:11     | Found Kom Wuem's Magic Scroll Emporium.
 10428 | D:11     | Reached **** piety under Makhleb
 10448 | D:11     | Noticed a two-headed ogre
 10460 | D:11     | Found a staircase to the Orcish Mines.
 10517 | D:11     | Noticed a white ugly thing
 10526 | D:11     | Killed a two-headed ogre
 10532 | D:11     | Killed a white ugly thing
 10532 | D:11     | Reached skill level 14 in Axes
 10739 | D:11     | Killed an unseen horror
 11228 | D:11     | Noticed a purple ugly thing
 11238 | D:11     | Killed a purple ugly thing
 11238 | D:11     | Reached XP level 12. HP: 109/109 MP: 11/11
 11360 | D:11     | Found a staircase to the Lair.
 11792 | D:12     | Noticed Nergalle
 11811 | D:12     | Killed Nergalle
 11903 | D:12     | Reached skill level 10 in Dodging
 12045 | D:12     | Reached skill level 15 in Axes
 12111 | D:12     | Noticed Urug
 12125 | D:12     | Killed Urug
 12373 | D:12     | Noticed a catoblepas
 12395 | D:12     | Killed a catoblepas
 12580 | D:13     | Noticed a centaur warrior
 12587 | D:12     | Reached ***** piety under Makhleb
 12608 | D:13     | Killed a centaur warrior
 12918 | D:13     | Found Buf Puga's Gadget Shop.
 13173 | D:13     | Found a runed translucent door.
 13174 | D:13     | Noticed a tengu reaver
 13175 | D:13     | Noticed Yxuheg's ghost (journeyman TrMo)
 13258 | D:13     | Found a shadowy altar of Dithmenos.
 13319 | D:13     | Noticed a centaur warrior
 13330 | D:13     | Killed a centaur warrior
 13330 | D:13     | Reached skill level 16 in Axes
 13330 | D:13     | Reached XP level 13. HP: 115/118 MP: 12/12
 13678 | D:15     | Entered Level 15 of the Dungeon
 14132 | D:7      | Bought an uncursed amulet of rage for 560 gold pieces
 14240 | Orc:1    | Entered Level 1 of the Orcish Mines
 14240 | Orc:1    | Found Vehoakhu's Jewellery Emporium.
 14487 | Orc:2    | Entered Level 2 of the Orcish Mines
 14501 | Orc:2    | Noticed Erolcha
 14518 | Orc:2    | Noticed Saint Roka
 15023 | Orc:1    | Reached skill level 17 in Axes
 15126 | Orc:2    | Killed Erolcha
 15128 | Orc:2    | Noticed Josephine
 15134 | Orc:1    | Reached skill level 1 in Invocations
 15164 | Orc:1    | Reached skill level 1 in Evocations
 15352 | Orc:1    | Killed Josephine
 15398 | Orc:1    | Reached ****** piety under Makhleb
 15416 | Orc:1    | Killed Saint Roka
 15416 | Orc:1    | Reached XP level 14. HP: 112/129 MP: 14/14
 16164 | Orc:2    | Found a staircase to the Elven Halls.
 16179 | Orc:2    | Found Nohaic's Magic Scroll Boutique.
 16179 | Orc:2    | Found Cewy's Armour Shop.
 16486 | Orc:2    | Found Emot's Magic Scroll Shoppe.
 16497 | Orc:2    | Found Lunudesa's Gadget Boutique.
 16576 | Orc:1    | Found a roughly hewn altar of Beogh.
 16615 | Orc:1    | Found a roughly hewn altar of Beogh.
 17286 | D:10     | Bought a scroll of acquirement for 624 gold pieces
 17286 | D:10     | Bought a scroll of teleportation for 36 gold pieces
 17286 | D:10     | Bought a scroll of blinking for 90 gold pieces
 17340 | D:11     | Got an iridescent battleaxe
 17341 | D:11     | Identified the +5 battleaxe of Harmony {elec, Stlth+} (You
                  | acquired it on level 11 of the Dungeon)
 17348 | D:11     | Got a pair of polished gloves
 17354 | D:11     | Identified the +1 pair of gloves "Tucyipu" {MP+9} (You
                  | acquired it on level 11 of the Dungeon)
 17595 | D:13     | Killed Yxuheg's ghost
 17610 | D:13     | Slain by a tengu reaver

Levels and vault maps discovered:
D:1:      sevenhm_arrival_forest_fort_large_2, layout_loops_corners
D:2:      layout_loops_corners, chequers_serial_rivers_room_b, eino_tiny_chamber
D:3:      minmay_razor_zed, layout_rooms, serial_forest,
          infiniplex_forest_end_2, infiniplex_forest_lined_room_2,
          infiniplex_forest_pool, infiniplex_forest_clump_large,
          infiniplex_forest_straight_5, infiniplex_forest_3_way,
          infiniplex_forest_straight_2, infiniplex_forest_zigzag_1,
          solitary_fountain, minmay_strange_pillars, minmay_statues_item
D:4:      layout_basic, ebering_ghost_inner_flame, minmay_pentomino_pile,
          uniq_duvessa
D:5:      minmay_general_purpose_star, layout_basic,
          minmay_temple_entry_overgrown, serial_shops, kennysheep_little_box,
          first_ration
D:6:      layout_loops_corners, kennysheep_small_spiral
D:7:      layout_gridville, bloody_makhleb, nicolae_alphabet_shops
D:8:      layout_basic, serial_shops, shop, hangedman_little_slice_of_home
D:9:      minmay_the_grid_four_pointed_star_mashed
          [minmay_the_grid_triangle_9x9_dagger,
          minmay_the_grid_triangle_9x9_steps,
          minmay_the_grid_triangle_9x9_corruption,
          minmay_the_grid_triangle_9x9_sparse_checkered,
          minmay_the_grid_prize_shrinking_boxes], layout_stronghold
D:10:     layout_loops_cross, serial_shops, shop, nicolae_shop_window_shopping,
          kennysheep_mini_moat, shop, shop
D:11:     layout_loops_corners, lair_entry_dummy, hiddenorc1_lemuel,
          serial_shops, shop, minivault_14, minmay_misc_feat_roman
D:12:     layout_basic, uniq_urug, uniq_nergalle
D:13:     layout_small_grid, ebering_ghost_inner_flame, serial_shops, shop,
          grunt_dithmenos_smoke
D:14:     layout_loops_cross, grunt_vaults_entry_tiered,
          chequers_serial_rivers_large_a
D:15:     grunt_enter_depths_snipers, layout_cave_pools, serial_park_square1
          [serial_park_minivault_5x5_3]
Temple:   minmay_crystal_snake_temple
Orc:1:    layout_diamond_mine, serial_shops, nicolae_shop_crystal,
          hangedman_feature_mirror
Orc:2:    st_orc_open, layout_caves, elves_outpost_lemuel, uniq_erolcha,
          uniq_josephine, uniq_saint_roka

Skill      XL: |  1  2  3  4  5  6  7  8  9 10 11 12 13 14 |
---------------+-------------------------------------------+-----
Axes           | 3 4 5 6 7 9 11 12 14 16 17 | 17.7
Dodging        | 1 2 3 4 5 6 8 9 10 12 | 12.5
Fighting       | 4 5 6 7 8 9 11 12 13 14 | 14.0
Armour         | 4 5 6 7 8 9 11 12 13 | 13.9
Invocations    | 1 |  1.3
Evocations     | 2 3 |  3.0
Shields        | |  3.6

Action                   |  1- 3 |  4- 6 |  7- 9 | 10-12 | 13-15 || total
-------------------------+-------+-------+-------+-------+-------++-------
Melee: War axe           |    72 |    41 |       |       |       ||   113
       Headbutt          |     5 |    20 |    66 |   228 |   141 ||   460
       Hand axe          |       |   114 |   318 |   871 |   466 ||  1769
       Battleaxe         |       |       |       |       |    21 ||    21
       Eveningstar       |       |       |       |       |     4 ||     4
 Abil: Evoke Berserk Rag |       |       |       |       |     8 ||     8
Evoke: Wand              |       |       |     4 |       |       ||     4
  Use: Scroll            |       |       |     2 |    14 |     5 ||    21
       Potion            |       |       |       |     4 |     3 ||     7
 Stab: Paralysed         |       |       |     5 |       |       ||     5
  Eat: Chunk             |     1 |     8 |    24 |    35 |    11 ||    79
Armor: Scale mail        |    39 |    74 |   133 |    70 |       ||   316
       Troll leather arm |       |       |       |    32 |       ||    32
       Chain mail        |       |       |       |   150 |   214 ||   364
Dodge: Dodged            |    43 |    83 |   195 |   526 |   675 ||  1522

Table legend:
 A = Non-vault XP
 B = Vault XP
 C = Vault XP percentage of total XP
 D = Non-vault monster count
 E = Vault monster count
 F = Vault count percentage of total count
                 A         B        C        D         E       F
            +---------+---------+-------+---------+---------+-------
      Total |   46240 |   37240 |  44.6 |     449 |     126 |  21.9
            +---------+---------+-------+---------+---------+-------
        D:1 |      43 |       0 |   0.0 |      24 |       0 |   0.0
        D:2 |      83 |       0 |   0.0 |      15 |       0 |   0.0
        D:3 |      71 |      52 |  42.3 |      25 |      11 |  30.6
        D:4 |     405 |     286 |  41.4 |      18 |       8 |  30.8
        D:5 |     964 |      37 |   3.7 |      30 |       3 |   9.1
        D:6 |     993 |       0 |   0.0 |      30 |       0 |   0.0
        D:7 |     666 |       0 |   0.0 |      14 |       0 |   0.0
        D:8 |    2881 |     170 |   5.6 |      43 |       8 |  15.7
        D:9 |    2300 |    3681 |  61.5 |      27 |      15 |  35.7
       D:10 |    3132 |       0 |   0.0 |      28 |       0 |   0.0
       D:11 |    6553 |     222 |   3.3 |      51 |      17 |  25.0
       D:12 |    8135 |    1616 |  16.6 |      35 |       2 |   5.4
       D:13 |    6966 |    1253 |  15.2 |      24 |       1 |   4.0
       D:14 |    3943 |       0 |   0.0 |      17 |       0 |   0.0
       D:15 |    3001 |       0 |   0.0 |       8 |       0 |   0.0
      Orc:1 |    4302 |   19403 |  81.9 |      38 |      34 |  47.2
      Orc:2 |    1802 |   10520 |  85.4 |      22 |      27 |  55.1
            +---------+---------+-------+---------+---------+-------
